 Dungeon Crawl Stone Soup version 0.28-a0-773-g130ae17fe5 (webtiles) character file.

Game seed: 12808769022014550545

1926 bande the Chopper (level 9, 0/54 HPs)
             Began as a Gargoyle Fighter on Nov 2, 2021.
             Was a Priest of Okawaru.
             Slain by a wight (8 damage)
             ... on level 7 of the Dungeon.
             The game lasted 00:12:01 (7942 turns).

bande the Chopper (Gargoyle Fighter)                Turns: 7942, Time: 00:12:01

Health: 0/54       AC: 15    Str: 20    XL:     9   Next: 17%
Magic:  11/11      EV:  9    Int: 10    God:    Okawaru [***...]
Gold:   339        SH:  6    Dex: 11    Spells: 8/8 levels left

rFire   . . .      SeeInvis .   a - +1 war axe (elec)
rCold   . . .      Faith    +   c - +1 buckler
rNeg    + . .      Spirit   .   b - +0 scale mail
rPois   ∞          Reflect  .   g - +0 helmet
rElec   +          Harm     .   j - scarf {+Inv}
rCorr   .          Rampage  .   (no gloves)
Will    .....                   (no boots)
Stlth   ..........              t - amulet of faith
HPRegen 0.18/turn               (no ring)
MPRegen 0.12/turn               (no ring)

@: no status effects
A: sickness immunity, AC +6, negative energy resistance 1, electricity
resistance, torment resistance 1, petrification resistance
a: Renounce Religion, Evoke Invisibility, Heroism


You were on level 7 of the Dungeon.
You worshipped Okawaru.
Okawaru was most pleased with you.
You visited 2 branches of the dungeon, and saw 8 of its levels.

You collected 339 gold pieces.

Inventory:

Hand Weapons
 a - a +1 war axe of electrocution (weapon)
 m - a +0 mace of draining
 u - a +0 war axe
Armour
 b - a +0 scale mail (worn)
 c - a +1 buckler (worn)
 g - a +0 helmet (worn)
 j - a scarf of invisibility (worn)
 l - a +0 cloak
Jewellery
 e - a ring of ice
 t - an amulet of faith (around neck)
Wands
 i - a wand of digging (5)
Scrolls
 p - 2 scrolls of teleportation
 q - 2 scrolls of fear
 s - a scroll of magic mapping
 w - 2 scrolls of identify
Potions
 d - 4 potions of might
 f - a potion of attraction {unknown}
 h - a potion of ambrosia {unknown}
 k - 2 potions of curing {unknown}
 n - a potion of invisibility {unknown}
 o - a potion of heal wounds {unknown}
 r - a potion of magic {unknown}
 v - a potion of cancellation {unknown}
 x - a potion of lignification {unknown}
 z - a potion of berserk rage {unknown}


   Skills:
 + Level 5.4 Fighting
 + Level 7.2 Axes
 + Level 5.9 Armour
 + Level 4.7 Shields
 * Level 3.5 Invocations
 * Level 3.7 Evocations


You had 8 spell levels left.
You didn't know any spells.
Your spell library contained the following spells:

 Spells                   Type           Power      Damage    Failure   Level
 Foxfire                  Conj/Fire      0%         2x1d4     69%         1
 Pain                     Necr           0%         1d4       69%         1
 Slow                     Hex            0%         N/A       69%         1
 Wereblood                Tmut           0%         N/A       83%         2
 Confusing Touch          Hex            0%         N/A       96%         3
 Conjure Flame            Conj/Fire      0%         6-21      96%         3
 Inner Flame              Hex/Fire       0%         N/A       96%         3
 Vampiric Draining        Necr           0%         2d6       96%         3
 Flame Wave               Conj/Fire      0%         3d3       100%        4
 Blade Hands              Tmut           0%         N/A       100%        5
 Irradiate                Conj/Tmut      0%         3d13      100%        5
 Dragon Form              Tmut           0%         N/A       100%        7
 Animate Skeleton         Necr           Unusable   N/A       N/A         1
 Sublimation of Blood     Necr           Unusable   N/A       N/A         2
 Summon Hydra             Summ           Unusable   N/A       N/A         7

Dungeon Overview and Level Annotations

Branches:
Dungeon (7/15)             Temple (1/1) D:4

Altars:
Dithmenos
Okawaru
Qazlal
Uskayaw
Xom
Zin

Shops:
D:4 :   D:6 :


Innate Abilities, Weirdness & Mutations

You are immune to sickness and miasma.
Your stone body is resilient. (AC +6)
You are immune to poison.
You resist negative energy. (rN+)
You are resistant to electric shocks. (rElec)
You are resistant to unholy torment.
You are immune to petrification.


Message History

You hit the wight but do no damage. You block the wight's attack.
You hit the wight.
The wight is lightly damaged.
A wight comes into view. It is wielding a +0 halberd.
The wight barely misses you. The wight hits you with a +2 dagger.
The wight closely misses you. The wight hits you with a +0 halberd!
You hit the wight. Lightning courses through the wight!
The wight is almost destroyed.
You hit the wight. The wight completely misses you.
The wight hits you from afar with a +0 halberd.
The wight hits you but does no damage. The wight hits you with a +2 dagger!
Unknown command.
You completely miss the wight.
The wight is almost destroyed.
You closely miss the wight.
The wight hits you from afar with a +0 halberd!
* * * LOW HITPOINT WARNING * * *
The wight closely misses you. You block the wight's attack.
You hit the wight.
You destroy the wight!
Okawaru accepts your kill.
Okawaru will now gift you ammunition as you gain piety.
You hit the wight. The wight barely misses you. You block the wight's attack.
Unknown command.
The wight barely misses you.
Things that are here:
a +0 halberd; a +0 robe The wight closely misses you.
You hit the wight but do no damage.
The wight is heavily damaged.
You hit the wight but do no damage. You block the wight's attack.
The wight hits you but does no damage. The wight barely misses you.
Unknown command.
You closely miss the wight.
The wight is heavily damaged.
You hit the wight but do no damage. The wight hits you with a +2 dagger.
* * * LOW HITPOINT WARNING * * *
The wight hits you with a +0 halberd!
You die...

##....# # #....#.#
.... #####......#
.... #.......####
.... #.####..# ...
#.......#
#..#.#.....########
#.#..#.#.............
#....z@...#.#######.#
######z...........#
#..........#.#
#......#...#
#.........##
#...........
#...:###.....
.......)...# ...##
....####...# .#.#


You could see 2 wights.

Vanquished Creatures
  Grinder (D:5)
  Menkaure (D:6)
  A water moccasin (D:5)
  An ice beast (D:5)
  A sky beast (D:6)
  A black bear (D:4)
  Blork the orc (D:5)
  A bullfrog (D:6)
  2 scorpions
  2 wights (D:7)
  2 howler monkeys
  A centaur zombie (D:6)
  A lava snake (D:7)
  Crazy Yiuf (D:3)
  A hound (D:6)
  3 jellies
  An orc priest (D:5)
  A gnoll shaman (D:5)
  Jessica (D:3)
  4 iguanas
  3 orc wizards
  A scorpion zombie (D:5)
  Robin (D:3)
  9 adders
  9 gnolls
  A howler monkey skeleton (D:7)
  A shadow imp (D:6)
  2 white imps
  An adder skeleton (D:4)
  3 worms
  A dart slug (D:3)
  12 orcs
  5 bats
  10 endoplasms
  4 giant cockroaches
  9 hobgoblins
  4 kobolds
  5 quokkas
  11 ball pythons
  4 frilled lizards
  14 goblins
  5 rats
143 creatures vanquished.

Vanquished Creatures (others)
  5 toadstools (D:6)
5 creatures vanquished.

Grand Total: 148 creatures vanquished

Notes
Turn   | Place    | Note
-------+----------+-------------------------------------------
     0 | D:1      | bande the Gargoyle Fighter began the quest for the Orb.
     0 | D:1      | Reached XP level 1. HP: 14/14 MP: 1/1
    54 | D:1      | Reached XP level 2. HP: 19/19 MP: 2/2
   319 | D:1      | Reached skill level 2 in Axes
   473 | D:1      | Found a faded altar of an unknown god.
   674 | D:1      | Reached XP level 3. HP: 23/23 MP: 3/3
  1452 | D:3      | Reached XP level 4. HP: 27/29 MP: 4/4
  1551 | D:3      | Reached skill level 3 in Axes
  1552 | D:3      | Reached XP level 5. HP: 28/33 MP: 5/5
  1822 | D:3      | Noticed Jessica
  1828 | D:3      | Killed Jessica
  1832 | D:3      | Reached skill level 4 in Axes
  2122 | D:3      | Found a runed translucent door.
  2123 | D:3      | Noticed Crazy Yiuf
  2576 | D:3      | Reached XP level 6. HP: 30/38 MP: 6/6
  2583 | D:3      | Reached skill level 1 in Evocations
  2974 | D:3      | Noticed Robin
  2983 | D:3      | Killed Robin
  3295 | D:3      | Killed Crazy Yiuf
  3540 | D:4      | Found Numas's Book Shoppe.
  3915 | D:4      | Found a staircase to the Ecumenical Temple.
  3949 | Temple   | Entered the Ecumenical Temple
  3970 | Temple   | Became a worshipper of Warmaster Okawaru
  4093 | D:4      | Noticed a black bear
  4104 | D:4      | Killed a black bear
  4105 | D:4      | Reached XP level 7. HP: 35/44 MP: 7/7
  4354 | D:5      | Entered Level 5 of the Dungeon
  4412 | D:5      | Reached skill level 5 in Axes
  4646 | D:5      | Noticed Blork the orc
  4655 | D:5      | Reached * piety under Okawaru
  4656 | D:5      | Reached skill level 1 in Invocations
  4658 | D:5      | Killed Blork the orc
  4897 | D:5      | Noticed Grinder
  4906 | D:5      | Killed Grinder
  4907 | D:5      | Reached skill level 5 in Armour
  4907 | D:5      | Reached XP level 8. HP: 38/48 MP: 9/9
  4909 | D:5      | Reached skill level 5 in Fighting
  4909 | D:5      | Reached skill level 6 in Axes
  5710 | D:5      | Reached ** piety under Okawaru
  5923 | D:6      | Noticed Menkaure
  5933 | D:6      | Killed Menkaure
  6460 | D:6      | Found Zazuwut's Book Emporium.
  6765 | D:6      | Reached XP level 9. HP: 45/54 MP: 11/11
  7182 | D:6      | Reached skill level 7 in Axes
  7833 | D:7      | Found a hide-covered altar of Uskayaw.
  7938 | D:7      | Reached *** piety under Okawaru
  7942 | D:7      | Slain by a wight

Illustrated notes

Levels and vault maps discovered:
D:1:      lemuel_arrival_rhombus, layout_loops_ring,
          hellmonk_ecumenical_altar_heavens_door
D:2:      layout_rooms
D:3:      kennysheep_big_flooded_room, layout_loops_ring, st_stairs_3,
          uniq_robin, uniq_jessica, uniq_crazy_yiuf_cottage
D:4:      layout_basic, minmay_temple_entry_tees, serial_shops,
          nicolae_shop_statue_plus
D:5:      layout_basic, kennysheep_generic_room_2, uniq_grinder,
          uniq_blork_the_orc
D:6:      layout_basic, serial_shops, kennysheep_mini, minmay_statues_item,
          supply_closet_lemuel, grunt_ministairs_6, minmay_gold_behind_fungi,
          minmay_hedge_maze, nrook_campfire, minmay_misc_feat_room,
          nrook_loot_triangle, uniq_menkaure
D:7:      layout_basic, nicolae_uskayaw_suspiria, fountainhead
Temple:   nicolae_temple_the_god_donut

Skill      XL: |  1  2  3  4  5  6  7  8  9 |
---------------+----------------------------+-----
Axes           | 2 3 4 5 6 7 |  7.2
Fighting       | 4 5 |  5.4
Shields        | 4 |  4.7
Armour         | 4 5 |  5.9
Evocations     | 1 2 3 |  3.7
Invocations    | 2 3 |  3.5

Action                   |  1- 3 |  4- 6 |  7- 9 || total
-------------------------+-------+-------+-------++-------
Melee: War axe           |    89 |   149 |   189 ||   427
Evoke: Wand              |       |       |     1 ||     1
  Use: Scroll            |     2 |     6 |     3 ||    11
Armor: Scale mail        |    48 |    86 |   102 ||   236
Dodge: Dodged            |    40 |    68 |    78 ||   186
Block: Buckler           |    23 |    45 |    55 ||   123

Table legend: (Time is in decaauts)
 A = Elapsed time spent in this place.
 B = Non-inter-level travel time spent in this place.
 C = Inter-level travel time spent in this place.
 D = Time resting spent in this place.
 E = Time spent auto-exploring this place.
 F = Levels seen in this place.
 G = Mean time per level.
                   A        B        C        D        E       F      G
               +--------+--------+--------+--------+--------+-----+--------+
         Total |   8064 |   7885 |    179 |   2076 |   4513 |   8 | 1008.0 |
       Dungeon |   8035 |   7856 |    179 |   2076 |   4502 |   7 | 1147.9 |
        Temple |     28 |     28 |      0 |      0 |     11 |   1 |   28.0 |
               +--------+--------+--------+--------+--------+-----+--------+

Top non-repeatable levels by time:
     D:3: 1779 daAuts
     D:5: 1750 daAuts
     D:6: 1715 daAuts
     D:4: 941 daAuts
     D:1: 848 daAuts
     D:2: 838 daAuts
     D:7: 161 daAuts
  Temple: 28 daAuts
